 Dungeon Sprint DCSS version 0.26-a0-649-gf8c6c3aab7 (webtiles) character file.

Game seed: 14749378864347566515

5762 sahdkjhfkaj the Sage (level 10, -1/77 HPs)
             Began as an Octopode Conjurer on Sept 26, 2020.
             Was a High Priest of Sif Muna.
             Killed by miscasting Borgnjor's Vile Clutch (26 damage)
             ... in the Dungeon (Sprint IX: "|||||||||||||||||||||||||||||").
             The game lasted 00:05:33 (2380 turns).

sahdkjhfkaj the Sage (Octopode Conjurer)            Turns: 2380, Time: 00:05:33

Health: -1/77      AC:  3    Str:  7    XL:     10   Next: 78%
Magic:  13/25      EV: 19    Int: 24    God:    Sif Muna [*****.]
Gold:   0          SH:  0    Dex: 10    Spells: 18/31 levels left

rFire    . . .     SeeInvis .   j - +0 lajatang
rCold    . . .     Faith    .   (shield currently unavailable)
rNeg     . . .     Spirit   .   (helmet restricted)
rPois    .         Reflect  .   (no amulet)
rElec    .         Harm     .   k - +2 ring of protection
rCorr    .         Rampage  .   l - +2 ring of evasion
MR       .....     NoTele   +   (no ring)
Stlth    +.........             (no ring)
HPRegen  0.22/turn              (no ring)
MPRegen  0.19/turn              (no ring)
                                (no ring)
                                (no ring)

@: contaminated, glowing, drained
A: almost no armour, stealthy swim, amphibious, 8 rings, constrict 8, camouflage
1, gelatinous body 1
a: Channel Magic, Forget Spell, Divine Exegesis, Renounce Religion


You were in the Dungeon.
You worshipped Sif Muna.
Sif Muna was extremely pleased with you.
You visited 1 branch

Inventory:

Hand Weapons
 j - a +0 lajatang (weapon)
Jewellery
 k - a +2 ring of protection (left tentacle)
 l - a +2 ring of evasion (right tentacle)
Wands
 i - a wand of acid (10)
Scrolls
 f - 4 scrolls of remove curse
 g - a scroll of blinking
 h - 2 scrolls of amnesia
 o - a scroll of identify
 p - 4 scrolls of enchant weapon
 q - a scroll of fog
Potions
 a - a potion of berserk rage
 b - 5 potions of curing
 c - a potion of brilliance
 d - a potion of haste
 e - 4 potions of magic
 m - 2 potions of stabbing
 n - 2 potions of heal wounds


   Skills:
 + Level 10.6(9.9) Fighting
 + Level 11.0(10.2) Dodging
 - Level 2.6(2.1) Stealth
 + Level 11.4(10.7) Spellcasting
 - Level 10.2(9.5) Conjurations
 + Level 2.3(1.8) Necromancy
 + Level 2.3(1.8) Earth Magic
 + Level 11.5(10.8) Invocations
 - Level 8.0(7.3) Evocations


You had 18 spell levels left.
You knew the following spells:

 Your Spells              Type           Power        Failure   Level
a - Magic Dart            Conj           ####         1%          1
b - Lightning Bolt        Conj/Air       #####.....   19%         5
c - Borgnjor's Vile Clut  Necr/Erth      ###.......   54%         5
d - Searing Ray           Conj           ######       1%          2

Your spell library contained the following spells:

 Spells                   Type           Power        Failure   Level
 Dazzling Flash           Conj/Hex       #####.       1%          3
 Static Discharge         Conj/Air       #####...     1%          3
 Iskenderun's Battlesphe  Conj           ######..     2%          5
 Fulminant Prism          Conj/Hex       #####.....   7%          4
 Hailstorm                Conj/Ice       #####...     7%          4
 Iskenderun's Mystic Bla  Conj/Tloc      #####...     7%          4
 Fireball                 Conj/Fire      #####.....   19%         5
 Bolt of Magma            Conj/Fire/Erth ####......   28%         5
 Iron Shot                Conj/Erth      #####.....   58%         6
 Orb of Destruction       Conj           ######....   63%         7
 Freezing Cloud           Conj/Ice/Air   ####......   90%         6
 Spellforged Servitor     Conj/Summ      #####.....   99%         7


Dungeon Overview and Level Annotations

Branches:
Dungeon (1/1)

Altars:
Cheibriados
Dithmenos
Elyvilon
Fedhas
Gozag
Hepliaklqana
Kikubaaqudgha
Makhleb
Nemelex Xobeh
Okawaru
Qazlal
Ru
Sif Muna
Trog
Uskayaw
Vehumet
Wu Jian
Xom
Yredelemnul
Zin
The Shining One
Beogh
Jiyva
Lugonu


Innate Abilities, Weirdness & Mutations

You cannot wear most types of armour.
You are very stealthy in the water. (Stealth+)
You are amphibious.
You can wear up to eight rings at the same time.
You can use your tentacles to constrict eight enemies at once.
Your skin changes colour to match your surroundings (Stealth+).
Your rubbery body absorbs attacks. (AC +1, EV +1)


Message History

Aiming: Borgnjor's Vile Clutch (quite dangerous; 43% risk of failure)
Press: ? - help, Shift-Dir - straight line, f/p - bullfrog
Aim: a bullfrog (almost dead)
You miscast Borgnjor's Vile Clutch.
You are lightly contaminated with residual magic.
Sand pours from your tentacles. The cane toad misses you.
Unknown command.
Unknown command.
Unknown command.
Casting: Borgnjor's Vile Clutch (quite dangerous; 43% risk of failure)
Confirm with . or Enter, or press ? or * to list all spells.
The spell is quite dangerous to cast (43% risk of failure)!
Continue anyway?
Aiming: Borgnjor's Vile Clutch (quite dangerous; 43% risk of failure)
Press: ? - help, Shift-Dir - straight line, f/p - bullfrog
Aim: a bullfrog (almost dead)
You miscast Borgnjor's Vile Clutch.
You are contaminated with residual magic.
The world around you seems to dim momentarily!!
You feel drained.
You die...

▓.▓.▓†▓
▓.▓.▓.▓
▓'▓.▓†▓
▓_▓.▓F▓
▓_▓.▓F▓
▓_▓.▓F▓
▓_▓.▓w▓
▓_▓.▓F▓
▓_▓.▓@▓
▓_▓.▓.▓
▓_▓.▓.▓
▓_▓.▓.▓
▓_▓.▓'▓
▓_▓.▓.▓
▓_▓.▓÷▓
▓_▓.▓÷▓
▓_▓.▓.▓


You could see a tyrant leech, 2 cane toads and 2 bullfrogs.

Vanquished Creatures
  A hydra (D)
  A centaur warrior (D)
  A gargoyle (D)
  Joseph (D)
  2 cane toads (D)
  2 komodo dragons (D)
  A rime drake (D)
  A polar bear (D)
  A tyrant leech (D)
  3 blink frogs (D)
  A shadow (D)
  A yak (D)
  3 water moccasins (D)
  A porcupine (D)
  A necrophage (D)
  An ogre (D)
  A centaur (D)
  A crocodile (D)
  6 bullfrogs (D)
  A hound (D)
  An orc priest (D)
  An orc wizard (D)
  A worker ant (D)
  3 adders (D)
  A white imp (D)
  A worm (D)
  A ball python (D)
  A goblin (D)
  A hobgoblin (D)
  A frilled lizard (D)
  A kobold (D)
44 creatures vanquished.

Notes
Turn   | Place    | Note
-------+----------+-------------------------------------------
     0 | D        | sahdkjhfkaj the Octopode Conjurer began the quest for the
                  | Orb.
     0 | D        | Reached XP level 1. HP: 11/11 MP: 3/3
   175 | D        | Noticed a hound
   175 | D        | Noticed a worker ant
   179 | D        | Killed a worker ant
   179 | D        | Reached skill level 5 in Conjurations
   179 | D        | Reached XP level 2. HP: 17/17 MP: 2/7
   179 | D        | Reached XP level 3. HP: 21/21 MP: 2/8
   182 | D        | Reached skill level 5 in Spellcasting
   182 | D        | Reached XP level 4. HP: 27/27 MP: 2/11
   338 | D        | Found a roughly hewn altar of Beogh.
   338 | D        | Found a snail-covered altar of Cheibriados.
   338 | D        | Found a shadowy altar of Dithmenos.
   338 | D        | Found a white marble altar of Elyvilon.
   338 | D        | Found a blossoming altar of Fedhas.
   338 | D        | Found an opulent altar of Gozag.
   339 | D        | Found a hazy altar of Hepliaklqana.
   343 | D        | Learned a level 2 spell: Searing Ray
   343 | D        | Found a viscous altar of Jiyva.
   344 | D        | Found an ancient bone altar of Kikubaaqudgha.
   345 | D        | Found a corrupted altar of Lugonu.
   346 | D        | Found a burning altar of Makhleb.
   347 | D        | Found a sparkling altar of Nemelex Xobeh.
   348 | D        | Found an iron altar of Okawaru.
   349 | D        | Found a stormy altar of Qazlal.
   350 | D        | Found a sacrificial altar of Ru.
   351 | D        | Found a shimmering blue altar of Sif Muna.
   352 | D        | Found a bloodstained altar of Trog.
   353 | D        | Found a hide-covered altar of Uskayaw.
   354 | D        | Found a radiant altar of Vehumet.
   355 | D        | Found an ornate altar of the Wu Jian Council.
   356 | D        | Found a shimmering altar of Xom.
   357 | D        | Found a basalt altar of Yredelemnul.
   358 | D        | Found a glowing silver altar of Zin.
   359 | D        | Became a worshipper of Sif Muna the Loreminder
   360 | D        | Found a glowing golden altar of the Shining One.
   388 | D        | Noticed a bullfrog
   388 | D        | Noticed a centaur
   391 | D        | Killed a bullfrog
   391 | D        | Reached XP level 5. HP: 28/31 MP: 9/13
   392 | D        | Killed a centaur
   392 | D        | Reached * piety under Sif Muna
   392 | D        | Reached skill level 10 in Conjurations
   392 | D        | Reached skill level 1 in Fighting
   392 | D        | Reached XP level 6. HP: 36/39 MP: 9/15
   396 | D        | Reached ** piety under Sif Muna
   659 | D        | Noticed a centaur warrior
   659 | D        | Noticed a gargoyle
   659 | D        | Noticed a komodo dragon
   659 | D        | Noticed a shadow
   659 | D        | Noticed a necrophage
   662 | D        | Killed a necrophage
   663 | D        | Killed a shadow
   663 | D        | Reached XP level 7. HP: 48/48 MP: 11/17
   665 | D        | Reached skill level 5 in Dodging
   665 | D        | Reached skill level 5 in Invocations
   665 | D        | Reached skill level 5 in Evocations
   666 | D        | Killed a komodo dragon
   666 | D        | Reached *** piety under Sif Muna
   666 | D        | Reached skill level 5 in Fighting
   666 | D        | Reached XP level 8. HP: 56/56 MP: 7/20
   669 | D        | Killed a gargoyle
   676 | D        | Killed a centaur warrior
   676 | D        | Reached XP level 9. HP: 17/64 MP: 0/22
   932 | D        | Noticed Joseph
   953 | D        | Killed Joseph
  1092 | D        | Noticed a komodo dragon
  1092 | D        | Noticed a cane toad
  1095 | D        | Reached **** piety under Sif Muna
  1100 | D        | Killed a cane toad
  1100 | D        | Reached skill level 10 in Spellcasting
  1102 | D        | Noticed a four-headed hydra
  1403 | D        | Killed a komodo dragon
  1403 | D        | Reached ***** piety under Sif Muna
  1521 | D        | Killed a four-headed hydra
  1521 | D        | Identified Sif Muna's Catalogue of Dusty Conjuration (Sif
                  | Muna gifted it to you in the Dungeon)
  1521 | D        | Received a gift from Sif Muna
  1521 | D        | Reached skill level 10 in Invocations
  1521 | D        | Reached XP level 10. HP: 38/74 MP: 16/24
  1532 | D        | Learned a level 5 spell: Borgnjor's Vile Clutch
  1538 | D        | Learned a level 5 spell: Lightning Bolt
  1689 | D        | Reached skill level 10 in Dodging
  1893 | D        | Reached skill level 10 in Fighting
  1894 | D        | Noticed a cane toad
  2025 | D        | Received a gift from Sif Muna
  2038 | D        | Killed a cane toad
  2038 | D        | Reached skill level 1 in Necromancy
  2038 | D        | Reached skill level 1 in Earth Magic
  2364 | D        | Noticed a cane toad
  2368 | D        | Noticed a cane toad
  2380 | D        | Killed by miscasting Borgnjor's Vile Clutch

Illustrated notes

Levels and vault maps discovered:
D:        linesprint [early_d, line_temple, items_1, d_10, items_2, lair_1,
          lair_end, items_3, orc_1, orc_end, items_4, d_15, swamp_1, shoals_1,
          snake_1, spider_1, d_20, vaults_1, items_5, swamp_end, shoals_end,
          snake_end, spider_end, vaults_end, d_27, items_6, zot_1, zot_end,
          crypt_end, forest_end, elf_end, slime_end, tomb_end, abyss_end,
          pan_hell_end]

Skill      XL: |  1  2  3  4  5  6  7  8  9 10 |
---------------+-------------------------------+-----
Spellcasting   | 4 5 6 7 8 9 10 11 | 11.4
Conjurations   | 5 6 9 10 | 10.2
Fighting       | 1 4 5 7 9 10 | 10.6
Invocations    | 2 4 6 8 10 11 | 11.5
Evocations     | 2 4 6 8 |  8.0
Dodging        | 4 6 7 9 11 | 11.0
Necromancy     | 2 |  2.3
Earth Magic    | 2 |  2.3
Stealth        | |  2.6

Action                   |  1- 3 |  4- 6 |  7- 9 | 10-12 || total
-------------------------+-------+-------+-------+-------++-------
Melee: Unarmed           |    12 |     7 |       |       ||    19
       Constrict         |     3 |     2 |       |       ||     5
       Tentacles         |     2 |     1 |       |       ||     3
       Lajatang          |       |       |     1 |     1 ||     2
 Cast: Magic Dart        |     6 |       |     2 |     1 ||     9
       Searing Ray       |       |     3 |    11 |     4 ||    18
       Lightning Bolt    |       |       |       |    18 ||    18
Invok: Channel Magic     |       |       |       |     2 ||     2
  Use: Potion            |     1 |     1 |     4 |       ||     6
       Scroll            |       |       |     1 |       ||     1
Armor: Skin              |     1 |     1 |     1 |     1 ||     4
Dodge: Dodged            |    11 |     4 |    18 |    28 ||    61

Table legend: (Time is in decaauts)
 A = Elapsed time spent in this place.
 B = Non-inter-level travel time spent in this place.
 C = Inter-level travel time spent in this place.
 D = Time resting spent in this place.
 E = Time spent auto-exploring this place.
 F = Levels seen in this place.
 G = Mean time per level.
                   A        B        C        D        E       F      G
               +--------+--------+--------+--------+--------+-----+--------+
         Total |   2386 |   2386 |      0 |   1382 |    744 |   1 | 2386.0 |
       Dungeon |   2386 |   2386 |      0 |   1382 |    744 |   1 | 2386.0 |
               +--------+--------+--------+--------+--------+-----+--------+

Top non-repeatable levels by time:
       D: 2386 daAuts
